[ AOE2 MATCH · #469856420 ]
UnrankedBurmese vs Chinese
Player's team · WIN
[ REPLAY ANALYSIS · EXTRACTED FROM THE RECORDED GAME ]
Feudal
—
Castle
—
Imperial
—
| APM avg | 23.5 |
| APM peak | 84 |
| eAPM avg | 12.4 |
| Villagers / military | 0 / 1454 |
Focus
⚔️ 94.5% · 🌾 5.5%
Battle Elephant ×1128 · Knight ×326
Feudal
—
Castle
—
Imperial
—
| APM avg | 21.8 |
| APM peak | 72 |
| eAPM avg | 15.6 |
| Villagers / military | 0 / 1455 |
Focus
⚔️ 91.7% · 🌾 8.3%
Spearman ×818 · Fire Lancer ×637
Feudal
—
Castle
—
Imperial
—
| APM avg | 35.3 |
| APM peak | 78 |
| eAPM avg | 22.9 |
| Villagers / military | 0 / 1975 |
Focus
⚔️ 94.9% · 🌾 5.1%
Hand Cannoneer ×600 · Skirmisher ×476 · Spearman ×395 · Cavalry Archer ×217 · Knight ×160 · Battering Ram ×127
Feudal
—
Castle
—
Imperial
—
| APM avg | 22.8 |
| APM peak | 72 |
| eAPM avg | 7.5 |
| Villagers / military | 0 / 332 |
Focus
⚔️ 100.0% · 🌾 0.0%
Spearman ×332
Feudal
—
Castle
—
Imperial
—
| APM avg | 44.8 |
| APM peak | 66 |
| eAPM avg | 25.8 |
| Villagers / military | 0 / 1311 |
Focus
⚔️ 94.8% · 🌾 5.2%
Knight ×1309 · Camel Scout ×2
Feudal
—
Castle
—
Imperial
—
| APM avg | 30.6 |
| APM peak | 58 |
| eAPM avg | 18.2 |
| Villagers / military | 0 / 2313 |
Focus
⚔️ 93.7% · 🌾 6.3%
Knight ×1575 · Spearman ×487 · Battering Ram ×148 · Cavalry Archer ×103
Feudal
—
Castle
—
Imperial
—
| APM avg | 30.0 |
| APM peak | 68 |
| eAPM avg | 23.9 |
| Villagers / military | 0 / 2468 |
Focus
⚔️ 87.5% · 🌾 12.5%
Battle Elephant ×1266 · Knight ×1202
Feudal
—
Castle
—
Imperial
—
| APM avg | 17.4 |
| APM peak | 53 |
| eAPM avg | 16.0 |
| Villagers / military | 0 / 2009 |
Focus
⚔️ 95.5% · 🌾 4.5%
Archer ×1053 · Spearman ×763 · Battle Elephant ×193
Match map
Initial resources + every placement click. Lines = walls · curves = elevation contours. ◆ gold · ⬟ stone · ● berries · ✦ relic · ◌ wall gap
Your base· Open
MightyBeast's base· Open
CKC8's base· Open
francisejido's base· ✓ Map-separated
Scandalf's base· ✓ Map-separated
Talk King's base· Open
Sasquash's base· Open
tudense85's base· Open
Smoothed initial terrain · ◌ = detected wall gap · hover for details
Inputs per minute
— Quautehmoc - - MightyBeast
Build order — Quautehmoc
First 150 of 352 actions detected
| 7:16 | Build | Stable |
| 7:17 | Build | Stable |
| 7:20 | Build | Stable |
| 7:23 | Build | Stable |
| 7:32 | Build | Stable |
| 7:34 | Build | Stable |
| 7:36 | Build | Stable |
| 7:37 | Build | Stable |
| 10:49 | Research | Bloodlines |
| 11:24 | Build | Stable |
| 13:21 | Research | Husbandry |
| 13:24 | Create | Knight ×5 |
| 13:25 | Create | Knight ×5 |
| 13:25 | Create | Knight ×5 |
| 13:25 | Create | Knight ×5 |
| 13:26 | Create | Knight ×5 |
| 13:26 | Create | Knight ×5 |
| 13:26 | Create | Knight ×5 |
| 13:27 | Create | Knight ×5 |
| 13:27 | Create | Knight ×5 |
| 13:27 | Create | Knight ×5 |
| 13:28 | Create | Knight ×5 |
| 13:28 | Create | Knight ×5 |
| 13:28 | Create | Knight ×5 |
| 13:29 | Create | Knight ×5 |
| 13:29 | Create | Knight ×5 |
| 13:30 | Create | Knight ×5 |
| 13:30 | Create | Knight ×5 |
| 13:32 | Research | Chain Barding Armor |
| 13:33 | Research | Bodkin Arrow |
| 13:34 | Research | Iron Casting |
| 13:34 | Research | Chain Mail Armor |
| 13:36 | Research | Treadmill Crane |
| 13:37 | Research | Ballistics |
| 13:37 | Research | Guard Tower (upgrade) |
| 13:38 | Research | Tech 908 |
| 13:39 | Research | Careening |
| 13:41 | Research | Manipur Cavalry |
| 15:21 | Create | Knight ×5 |
| 15:22 | Create | Knight ×5 |
| 15:22 | Create | Knight ×5 |
| 15:23 | Create | Knight ×5 |
| 15:23 | Create | Knight ×5 |
| 15:23 | Create | Knight ×5 |
| 15:24 | Create | Knight ×5 |
| 15:24 | Create | Knight ×4 |
| 16:12 | Build | Stone Wall |
| 17:09 | Create | Knight ×5 |
| 17:10 | Create | Knight ×5 |
| 17:10 | Create | Knight ×5 |
| 17:11 | Create | Knight ×5 |
| 17:11 | Create | Knight ×5 |
| 17:11 | Create | Knight ×4 |
| 18:41 | Create | Knight ×5 |
| 18:42 | Create | Knight ×5 |
| 18:42 | Create | Knight ×5 |
| 18:42 | Create | Knight ×5 |
| 18:43 | Create | Knight ×3 |
| 21:00 | Create | Knight ×5 |
| 21:00 | Create | Knight ×5 |
| 21:01 | Create | Knight ×5 |
| 21:01 | Create | Knight ×5 |
| 21:01 | Create | Knight ×5 |
| 21:02 | Create | Knight ×4 |
| 21:02 | Create | Knight |
| 22:37 | Create | Knight ×5 |
| 22:38 | Create | Knight ×5 |
| 22:38 | Create | Knight ×5 |
| 22:38 | Create | Knight ×5 |
| 22:39 | Create | Knight ×5 |
| 25:14 | Create | Knight ×5 |
| 25:14 | Create | Knight ×5 |
| 25:15 | Create | Knight ×5 |
| 25:15 | Create | Knight ×5 |
| 25:15 | Create | Knight ×5 |
| 25:16 | Create | Knight ×5 |
| 25:45 | Research | Conscription |
| 25:49 | Research | Elite Battle Elephant (upgrade) |
| 25:53 | Create | Battle Elephant ×4 |
| 25:53 | Create | Battle Elephant ×4 |
| 25:54 | Create | Battle Elephant ×4 |
| 25:55 | Create | Battle Elephant ×3 |
| 25:56 | Create | Battle Elephant ×3 |
| 25:56 | Create | Battle Elephant |
| 26:42 | Create | Battle Elephant ×5 |
| 26:42 | Create | Battle Elephant ×5 |
| 26:42 | Create | Battle Elephant ×5 |
| 26:43 | Create | Battle Elephant ×5 |
| 26:43 | Create | Battle Elephant ×5 |
| 26:43 | Create | Battle Elephant ×5 |
| 26:43 | Create | Battle Elephant ×5 |
| 26:44 | Create | Battle Elephant ×5 |
| 26:44 | Create | Battle Elephant ×5 |
| 26:44 | Create | Battle Elephant ×5 |
| 26:45 | Create | Battle Elephant ×5 |
| 26:45 | Create | Battle Elephant ×5 |
| 26:45 | Create | Battle Elephant ×5 |
| 26:45 | Create | Battle Elephant ×5 |
| 26:53 | Research | Plate Barding Armor |
| 26:53 | Research | Blast Furnace |
| 26:54 | Research | Bracer |
| 26:55 | Research | Plate Mail Armor |
| 26:57 | Research | Chemistry |
| 26:58 | Research | Keep (upgrade) |
| 26:58 | Research | Siege Engineers |
| 26:59 | Research | Dry Dock |
| 26:59 | Research | Tech 907 |
| 27:16 | Create | Battle Elephant ×5 |
| 27:16 | Create | Battle Elephant ×5 |
| 27:17 | Create | Battle Elephant ×3 |
| 27:17 | Create | Battle Elephant ×3 |
| 28:01 | Research | Howdah |
| 28:05 | Research | Elite Arambai (upgrade) |
| 29:04 | Research | Spies/Treason |
| 29:08 | Create | Knight ×5 |
| 29:10 | Create | Battle Elephant ×5 |
| 29:10 | Create | Battle Elephant ×5 |
| 29:11 | Create | Battle Elephant ×5 |
| 29:11 | Create | Battle Elephant ×5 |
| 29:11 | Create | Battle Elephant ×5 |
| 29:11 | Create | Battle Elephant ×5 |
| 29:12 | Create | Battle Elephant ×3 |
| 30:56 | Create | Knight ×5 |
| 30:56 | Create | Knight ×5 |
| 30:56 | Create | Knight ×5 |
| 30:57 | Create | Knight ×5 |
| 30:57 | Create | Knight ×5 |
| 30:57 | Create | Knight ×5 |
| 30:58 | Create | Knight ×5 |
| 31:43 | Create | Knight ×5 |
| 31:43 | Create | Knight ×5 |
| 31:45 | Create | Battle Elephant ×4 |
| 31:46 | Create | Battle Elephant ×4 |
| 32:50 | Create | Battle Elephant ×5 |
| 32:50 | Create | Battle Elephant ×5 |
| 32:50 | Create | Battle Elephant ×5 |
| 32:51 | Create | Battle Elephant ×5 |
| 33:40 | Create | Battle Elephant ×5 |
| 33:40 | Create | Battle Elephant ×5 |
| 33:40 | Create | Battle Elephant ×5 |
| 33:41 | Create | Battle Elephant ×5 |
| 33:41 | Create | Battle Elephant ×5 |
| 33:41 | Create | Battle Elephant ×5 |
| 33:41 | Create | Battle Elephant ×5 |
| 33:42 | Create | Battle Elephant ×5 |
| 33:42 | Create | Battle Elephant ×5 |
| 33:42 | Create | Battle Elephant ×5 |
| 33:43 | Create | Battle Elephant ×5 |
| 33:43 | Create | Battle Elephant ×5 |
| 33:43 | Create | Battle Elephant ×5 |
Build order — MightyBeast
First 150 of 522 actions detected
| 6:05 | Build | Stone Wall |
| 6:16 | Build | Stone Wall |
| 7:13 | Build | Stone Wall |
| 7:19 | Build | Gate |
| 8:17 | Build | Stone Wall |
| 8:25 | Build | Stone Wall |
| 8:29 | Build | Stone Wall |
| 8:47 | Build | Stone Wall |
| 10:40 | Build | Stone Wall |
| 10:50 | Build | Gate |
| 11:11 | Build | Archery Range |
| 11:19 | Build | Barracks |
| 11:20 | Build | Barracks |
| 11:22 | Build | Barracks |
| 11:24 | Build | Barracks |
| 12:05 | Build | Watch Tower |
| 12:06 | Build | Watch Tower |
| 12:07 | Build | Watch Tower |
| 12:08 | Build | Watch Tower |
| 12:12 | Build | Watch Tower |
| 12:15 | Build | Watch Tower |
| 12:16 | Build | Watch Tower |
| 12:17 | Build | Watch Tower |
| 12:18 | Build | Watch Tower |
| 12:19 | Build | Watch Tower |
| 12:22 | Build | Watch Tower |
| 12:23 | Build | Watch Tower |
| 12:24 | Build | Watch Tower |
| 12:25 | Build | Watch Tower |
| 12:27 | Build | Watch Tower |
| 12:28 | Build | Watch Tower |
| 12:29 | Build | Watch Tower |
| 12:30 | Build | Watch Tower |
| 12:31 | Build | Watch Tower |
| 12:32 | Build | Watch Tower |
| 12:34 | Build | Watch Tower |
| 16:55 | Build | Watch Tower |
| 16:57 | Build | Watch Tower |
| 16:58 | Build | Watch Tower |
| 17:00 | Build | Watch Tower |
| 17:01 | Build | Watch Tower |
| 17:03 | Build | Watch Tower |
| 17:04 | Build | Watch Tower |
| 17:08 | Build | Watch Tower |
| 17:10 | Build | Watch Tower |
| 17:11 | Build | Watch Tower |
| 17:13 | Build | Watch Tower |
| 17:14 | Build | Watch Tower |
| 17:16 | Build | Watch Tower |
| 17:18 | Build | Watch Tower |
| 17:19 | Build | Watch Tower |
| 17:30 | Build | Watch Tower |
| 17:32 | Build | Watch Tower |
| 17:34 | Build | Watch Tower |
| 17:36 | Build | Watch Tower |
| 17:38 | Build | Watch Tower |
| 17:41 | Build | Watch Tower |
| 22:37 | Build | Barracks |
| 22:43 | Build | Barracks |
| 22:45 | Build | Barracks |
| 22:47 | Build | Barracks |
| 24:40 | Build | Stone Wall |
| 25:09 | Build | Barracks |
| 25:11 | Build | Barracks |
| 25:14 | Build | Barracks |
| 25:16 | Build | Barracks |
| 27:08 | Build | Barracks |
| 27:11 | Build | Barracks |
| 27:13 | Build | Barracks |
| 27:15 | Build | Barracks |
| 28:10 | Research | Arson |
| 28:10 | Research | Squires |
| 28:11 | Research | Pikeman (upgrade) |
| 28:12 | Research | Long Swordsman (upgrade) |
| 28:17 | Create | Fire Lancer ×5 |
| 28:17 | Create | Fire Lancer ×5 |
| 28:17 | Create | Fire Lancer ×5 |
| 28:18 | Create | Fire Lancer ×5 |
| 28:18 | Create | Fire Lancer ×5 |
| 28:18 | Create | Fire Lancer ×5 |
| 28:18 | Create | Fire Lancer ×5 |
| 28:18 | Create | Fire Lancer ×5 |
| 28:19 | Create | Fire Lancer ×5 |
| 28:19 | Create | Fire Lancer ×5 |
| 28:19 | Create | Fire Lancer ×5 |
| 28:19 | Create | Fire Lancer ×5 |
| 28:19 | Create | Fire Lancer ×5 |
| 28:19 | Create | Fire Lancer ×5 |
| 28:20 | Create | Fire Lancer ×5 |
| 28:20 | Create | Fire Lancer ×5 |
| 28:20 | Create | Fire Lancer ×5 |
| 28:20 | Create | Fire Lancer ×5 |
| 28:20 | Create | Fire Lancer ×5 |
| 28:21 | Create | Fire Lancer ×5 |
| 28:21 | Create | Fire Lancer ×5 |
| 28:21 | Create | Fire Lancer ×5 |
| 28:21 | Create | Fire Lancer ×5 |
| 28:22 | Create | Fire Lancer ×5 |
| 28:22 | Create | Fire Lancer ×5 |
| 28:22 | Create | Fire Lancer ×5 |
| 28:22 | Create | Fire Lancer ×5 |
| 28:22 | Create | Fire Lancer ×5 |
| 28:22 | Create | Fire Lancer ×5 |
| 28:22 | Create | Fire Lancer ×5 |
| 28:23 | Create | Fire Lancer ×5 |
| 28:23 | Create | Fire Lancer ×5 |
| 28:23 | Create | Fire Lancer ×5 |
| 28:23 | Create | Fire Lancer ×5 |
| 28:24 | Create | Fire Lancer ×5 |
| 28:24 | Create | Fire Lancer ×5 |
| 28:32 | Research | Iron Casting |
| 28:32 | Research | Chain Mail Armor |
| 28:33 | Research | Chain Barding Armor |
| 28:34 | Research | Leather Archer Armor |
| 28:35 | Research | Bodkin Arrow |
| 28:40 | Research | Ballistics |
| 28:41 | Research | Guard Tower (upgrade) |
| 28:41 | Research | Tech 909 |
| 28:44 | Research | Careening |
| 28:45 | Research | Tech 908 |
| 29:43 | Build | Watch Tower |
| 30:12 | Research | Crossbowman (upgrade) |
| 30:12 | Research | Elite Skirmisher (upgrade) |
| 30:18 | Research | Great Wall |
| 30:55 | Create | Spearman ×5 |
| 30:55 | Create | Spearman ×5 |
| 30:55 | Create | Spearman ×5 |
| 30:55 | Create | Spearman ×5 |
| 30:55 | Create | Spearman ×5 |
| 30:55 | Create | Spearman ×5 |
| 30:55 | Create | Spearman ×5 |
| 30:55 | Create | Spearman ×5 |
| 30:55 | Create | Spearman ×5 |
| 30:55 | Create | Spearman ×5 |
| 30:56 | Create | Spearman ×5 |
| 30:56 | Create | Spearman ×5 |
| 30:56 | Create | Spearman ×5 |
| 30:56 | Create | Spearman ×5 |
| 30:56 | Create | Spearman ×5 |
| 31:41 | Build | Barracks |
| 31:44 | Build | Barracks |
| 31:57 | Create | Spearman ×5 |
| 31:57 | Create | Spearman ×5 |
| 31:57 | Create | Spearman ×5 |
| 31:57 | Create | Spearman ×5 |
| 31:57 | Create | Spearman ×5 |
| 31:57 | Create | Spearman ×5 |
| 31:58 | Create | Fire Lancer ×5 |
| 31:58 | Create | Spearman ×5 |
| 31:58 | Create | Spearman ×5 |
Build order — CKC8
First 150 of 534 actions detected
| 7:03 | Build | Archery Range |
| 7:04 | Build | Barracks |
| 7:05 | Build | Stable |
| 7:08 | Build | Archery Range |
| 7:09 | Build | Archery Range |
| 7:11 | Build | Archery Range |
| 7:12 | Build | Archery Range |
| 7:14 | Build | Archery Range |
| 7:15 | Build | Stable |
| 7:16 | Build | Stable |
| 7:17 | Build | Stable |
| 7:18 | Build | Stable |
| 9:48 | Build | Archery Range |
| 9:49 | Research | Bloodlines |
| 11:37 | Research | Chain Mail Armor |
| 11:38 | Research | Iron Casting |
| 11:38 | Research | Bodkin Arrow |
| 11:38 | Research | Leather Archer Armor |
| 11:39 | Research | Chain Barding Armor |
| 11:40 | Research | Ballistics |
| 11:41 | Research | Treadmill Crane |
| 11:41 | Research | Guard Tower (upgrade) |
| 11:42 | Research | Careening |
| 11:42 | Research | Tech 908 |
| 11:45 | Research | Thumb Ring |
| 11:46 | Research | Crossbowman (upgrade) |
| 11:46 | Research | Elite Skirmisher (upgrade) |
| 11:47 | Research | Husbandry |
| 11:47 | Research | Light Cavalry (upgrade) |
| 11:52 | Create | Knight ×5 |
| 11:53 | Create | Knight ×5 |
| 11:53 | Create | Knight ×5 |
| 11:53 | Create | Knight ×5 |
| 11:53 | Create | Knight ×5 |
| 11:54 | Create | Knight ×5 |
| 11:54 | Create | Knight ×5 |
| 11:54 | Create | Knight ×3 |
| 12:06 | Research | Squires |
| 12:07 | Research | Arson |
| 12:07 | Research | Gambesons |
| 12:07 | Research | Long Swordsman (upgrade) |
| 12:08 | Research | Pikeman (upgrade) |
| 12:13 | Build | Archery Range |
| 12:14 | Build | Archery Range |
| 12:15 | Build | Archery Range |
| 12:16 | Build | Archery Range |
| 12:44 | Create | Cavalry Archer ×5 |
| 12:45 | Create | Cavalry Archer ×5 |
| 12:45 | Create | Cavalry Archer ×5 |
| 12:45 | Create | Cavalry Archer ×5 |
| 12:45 | Create | Cavalry Archer ×5 |
| 12:46 | Create | Cavalry Archer ×5 |
| 12:46 | Create | Cavalry Archer ×5 |
| 12:46 | Create | Cavalry Archer ×5 |
| 12:46 | Create | Cavalry Archer ×5 |
| 12:47 | Create | Cavalry Archer ×5 |
| 12:47 | Create | Cavalry Archer ×5 |
| 12:47 | Create | Cavalry Archer ×5 |
| 12:47 | Create | Cavalry Archer ×5 |
| 12:48 | Create | Cavalry Archer ×5 |
| 12:48 | Create | Cavalry Archer ×5 |
| 12:48 | Create | Cavalry Archer ×5 |
| 12:48 | Create | Cavalry Archer ×5 |
| 12:49 | Create | Cavalry Archer ×5 |
| 12:49 | Create | Cavalry Archer ×5 |
| 12:49 | Create | Cavalry Archer ×5 |
| 12:51 | Create | Knight ×5 |
| 12:52 | Create | Knight ×5 |
| 12:52 | Create | Knight ×5 |
| 12:52 | Create | Knight ×5 |
| 12:52 | Create | Knight ×5 |
| 12:52 | Create | Knight ×3 |
| 14:24 | Build | Archery Range |
| 14:25 | Build | Archery Range |
| 14:26 | Build | Archery Range |
| 14:27 | Build | Archery Range |
| 14:28 | Build | Stable |
| 14:29 | Build | Stable |
| 14:32 | Build | Stable |
| 14:33 | Build | Stable |
| 14:34 | Build | Stable |
| 14:35 | Build | Stable |
| 14:36 | Build | Watch Tower |
| 15:20 | Create | Cavalry Archer ×5 |
| 15:21 | Create | Cavalry Archer ×5 |
| 15:21 | Create | Cavalry Archer ×5 |
| 15:21 | Create | Cavalry Archer ×5 |
| 15:21 | Create | Cavalry Archer ×5 |
| 15:22 | Create | Cavalry Archer ×5 |
| 15:22 | Create | Cavalry Archer ×5 |
| 15:22 | Create | Cavalry Archer ×5 |
| 15:22 | Create | Cavalry Archer ×5 |
| 15:23 | Create | Cavalry Archer ×5 |
| 15:23 | Create | Cavalry Archer ×5 |
| 15:23 | Create | Cavalry Archer ×5 |
| 15:23 | Create | Cavalry Archer ×5 |
| 15:24 | Create | Cavalry Archer ×5 |
| 15:24 | Create | Cavalry Archer ×5 |
| 15:24 | Create | Cavalry Archer ×5 |
| 15:24 | Create | Cavalry Archer ×5 |
| 15:25 | Create | Cavalry Archer ×5 |
| 15:25 | Create | Cavalry Archer ×5 |
| 15:25 | Create | Cavalry Archer |
| 15:27 | Create | Knight ×5 |
| 15:27 | Create | Knight ×5 |
| 15:28 | Create | Knight ×5 |
| 15:28 | Create | Knight ×5 |
| 15:28 | Create | Knight ×5 |
| 15:28 | Create | Knight ×5 |
| 15:29 | Create | Knight ×5 |
| 15:29 | Create | Knight ×5 |
| 15:29 | Create | Knight ×5 |
| 15:29 | Create | Knight ×5 |
| 15:30 | Create | Knight ×5 |
| 15:30 | Create | Knight ×4 |
| 16:05 | Create | Cavalry Archer ×5 |
| 16:05 | Create | Cavalry Archer ×5 |
| 16:06 | Create | Cavalry Archer ×5 |
| 16:06 | Create | Cavalry Archer ×5 |
| 16:06 | Create | Cavalry Archer |
| 16:15 | Create | Knight ×5 |
| 16:15 | Create | Knight ×5 |
| 16:16 | Create | Knight ×5 |
| 16:16 | Create | Knight ×5 |
| 16:16 | Create | Knight ×5 |
| 16:16 | Create | Knight ×2 |
| 16:18 | Create | Knight ×2 |
| 16:18 | Create | Knight ×2 |
| 16:18 | Create | Knight ×2 |
| 16:19 | Create | Knight |
| 16:19 | Create | Knight |
| 17:39 | Build | Archery Range |
| 17:40 | Build | Archery Range |
| 17:41 | Build | Archery Range |
| 17:42 | Build | Archery Range |
| 17:44 | Build | Stable |
| 17:45 | Build | Stable |
| 17:47 | Build | Stable |
| 17:47 | Build | Stable |
| 17:50 | Build | Archery Range |
| 17:51 | Build | Archery Range |
| 17:52 | Build | Archery Range |
| 17:53 | Build | Archery Range |
| 19:52 | Research | Plate Mail Armor |
| 19:53 | Research | Blast Furnace |
| 19:53 | Research | Bracer |
| 19:53 | Research | Ring Archer Armor |
| 20:01 | Research | Elite Samurai (upgrade) |
| 20:01 | Research | Yasama |
| 20:02 | Research | Kataparuto |
Build order — francisejido
97 actions detected in the replay
| 26:12 | Build | Barracks |
| 26:15 | Build | Barracks |
| 26:17 | Build | Barracks |
| 26:37 | Build | Barracks |
| 26:40 | Build | Barracks |
| 26:42 | Build | Barracks |
| 26:44 | Build | Barracks |
| 26:49 | Build | Barracks |
| 26:51 | Build | Barracks |
| 26:53 | Build | Barracks |
| 26:56 | Build | Barracks |
| 29:13 | Build | Stable |
| 29:16 | Build | Stable |
| 29:19 | Build | Stable |
| 29:30 | Build | Stable |
| 29:32 | Build | Stable |
| 29:34 | Build | Stable |
| 29:37 | Build | Stable |
| 29:41 | Build | Stable |
| 32:07 | Create | Spearman ×5 |
| 32:08 | Create | Spearman ×5 |
| 32:08 | Create | Spearman ×5 |
| 32:09 | Create | Spearman ×5 |
| 32:09 | Create | Spearman ×5 |
| 32:09 | Create | Spearman ×5 |
| 32:10 | Create | Spearman ×5 |
| 32:10 | Create | Spearman ×5 |
| 32:10 | Create | Spearman ×5 |
| 32:11 | Create | Spearman ×5 |
| 32:11 | Create | Spearman ×5 |
| 32:11 | Create | Spearman ×5 |
| 32:12 | Create | Spearman ×5 |
| 32:12 | Create | Spearman ×5 |
| 32:13 | Create | Spearman ×5 |
| 32:13 | Create | Spearman ×5 |
| 32:13 | Create | Spearman ×5 |
| 32:14 | Create | Spearman ×5 |
| 32:14 | Create | Spearman ×5 |
| 32:14 | Create | Spearman ×5 |
| 32:15 | Create | Spearman ×5 |
| 32:15 | Create | Spearman ×5 |
| 32:16 | Create | Spearman ×5 |
| 32:16 | Create | Spearman ×5 |
| 32:16 | Create | Spearman ×5 |
| 32:17 | Create | Spearman ×5 |
| 32:17 | Create | Spearman ×5 |
| 32:18 | Create | Spearman ×5 |
| 32:18 | Create | Spearman ×5 |
| 32:18 | Create | Spearman ×5 |
| 32:19 | Create | Spearman ×5 |
| 32:30 | Create | Spearman ×5 |
| 32:30 | Create | Spearman ×5 |
| 32:31 | Create | Spearman ×5 |
| 32:48 | Build | Stable |
| 34:31 | Create | Spearman ×5 |
| 34:32 | Create | Spearman ×5 |
| 34:32 | Create | Spearman ×5 |
| 34:33 | Create | Spearman ×5 |
| 34:33 | Create | Spearman ×5 |
| 34:33 | Create | Spearman ×5 |
| 34:34 | Create | Spearman ×5 |
| 34:34 | Create | Spearman ×5 |
| 34:34 | Create | Spearman ×5 |
| 34:35 | Create | Spearman ×5 |
| 34:42 | Create | Spearman ×5 |
| 34:43 | Create | Spearman ×5 |
| 35:47 | Create | Spearman ×5 |
| 35:47 | Create | Spearman ×5 |
| 35:48 | Create | Spearman ×5 |
| 35:48 | Create | Spearman ×5 |
| 35:48 | Create | Spearman ×5 |
| 35:49 | Create | Spearman ×5 |
| 35:49 | Create | Spearman ×2 |
| 38:25 | Research | Bloodlines |
| 40:10 | Create | Spearman ×5 |
| 40:11 | Create | Spearman ×5 |
| 40:11 | Create | Spearman ×5 |
| 40:11 | Create | Spearman ×5 |
| 40:12 | Create | Spearman ×5 |
| 40:12 | Create | Spearman ×5 |
| 40:12 | Create | Spearman ×5 |
| 40:13 | Create | Spearman ×3 |
| 43:36 | Create | Spearman ×5 |
| 43:36 | Create | Spearman ×5 |
| 43:37 | Create | Spearman ×5 |
| 43:37 | Create | Spearman ×5 |
| 43:37 | Create | Spearman ×5 |
| 43:38 | Create | Spearman ×5 |
| 43:38 | Create | Spearman ×2 |
| 45:14 | Research | Arson |
| 45:14 | Research | Squires |
| 45:15 | Research | Squires |
| 45:16 | Research | Pikeman (upgrade) |
| 45:16 | Research | Long Swordsman (upgrade) |
| 45:17 | Research | Long Swordsman (upgrade) |
| 45:22 | Research | Husbandry |
| 45:23 | Research | Light Cavalry (upgrade) |
Build order — Scandalf
First 150 of 352 actions detected
| 11:00 | Research | Chain Barding Armor |
| 11:02 | Research | Iron Casting |
| 11:04 | Research | Kamandaran |
| 11:06 | Research | Ballistics |
| 11:06 | Research | Guard Tower (upgrade) |
| 11:07 | Research | Careening |
| 11:07 | Research | Tech 908 |
| 11:08 | Research | Tech 908 |
| 11:08 | Research | Tech 909 |
| 11:09 | Research | Tech 909 |
| 12:32 | Research | Bodkin Arrow |
| 12:32 | Research | Leather Archer Armor |
| 12:33 | Research | Chain Mail Armor |
| 19:13 | Build | Stone Wall |
| 19:59 | Build | Stable |
| 20:09 | Build | Stone Wall |
| 20:15 | Build | Stable |
| 21:00 | Build | Stable |
| 21:02 | Build | Stable |
| 21:14 | Build | Stable |
| 21:15 | Build | Stable |
| 21:16 | Research | Bloodlines |
| 22:13 | Create | Knight |
| 22:14 | Create | Knight |
| 22:14 | Create | Knight |
| 22:14 | Create | Knight |
| 22:21 | Build | Stone Wall |
| 22:47 | Create | Knight ×5 |
| 22:48 | Create | Knight ×5 |
| 22:48 | Create | Knight ×5 |
| 22:48 | Create | Knight ×5 |
| 22:56 | Create | Knight ×5 |
| 22:57 | Create | Knight ×5 |
| 22:57 | Create | Knight ×5 |
| 23:12 | Build | Stone Wall |
| 23:14 | Build | Stable |
| 23:15 | Build | Stable |
| 23:30 | Create | Knight ×5 |
| 23:30 | Create | Knight ×5 |
| 23:31 | Create | Knight ×5 |
| 23:31 | Create | Knight ×5 |
| 23:31 | Create | Knight ×5 |
| 23:50 | Build | Stable |
| 23:53 | Create | Knight ×5 |
| 24:34 | Create | Knight ×5 |
| 24:35 | Create | Knight ×5 |
| 24:35 | Create | Knight ×5 |
| 24:35 | Create | Knight ×5 |
| 24:36 | Create | Knight ×5 |
| 24:36 | Create | Knight ×5 |
| 24:36 | Create | Knight ×5 |
| 24:47 | Build | Stable |
| 24:50 | Build | Stable |
| 24:51 | Build | Stable |
| 24:54 | Create | Knight ×4 |
| 24:54 | Create | Knight ×4 |
| 24:59 | Create | Knight ×5 |
| 24:59 | Create | Knight ×5 |
| 24:59 | Create | Knight ×5 |
| 25:00 | Create | Knight ×5 |
| 25:03 | Create | Knight ×2 |
| 25:03 | Create | Knight ×5 |
| 25:04 | Create | Knight ×5 |
| 25:04 | Create | Knight ×5 |
| 25:06 | Create | Knight |
| 25:06 | Create | Knight |
| 25:15 | Create | Knight ×2 |
| 25:16 | Create | Knight ×2 |
| 25:35 | Create | Knight ×5 |
| 25:35 | Create | Knight ×5 |
| 25:35 | Create | Knight |
| 25:54 | Create | Knight ×5 |
| 25:54 | Create | Knight ×5 |
| 25:54 | Create | Knight ×5 |
| 25:55 | Create | Knight ×5 |
| 25:55 | Create | Knight ×3 |
| 26:23 | Create | Knight ×5 |
| 26:24 | Create | Knight ×5 |
| 26:24 | Create | Knight ×5 |
| 26:24 | Create | Knight ×5 |
| 26:45 | Create | Knight ×5 |
| 26:46 | Create | Knight ×5 |
| 26:46 | Create | Knight ×5 |
| 26:46 | Create | Knight ×5 |
| 27:01 | Create | Knight ×5 |
| 27:01 | Create | Knight ×5 |
| 27:01 | Create | Knight ×5 |
| 27:11 | Build | Stable |
| 27:12 | Create | Knight ×5 |
| 27:12 | Create | Knight ×5 |
| 27:13 | Create | Knight ×3 |
| 27:22 | Create | Knight ×3 |
| 27:22 | Create | Knight ×3 |
| 27:32 | Create | Knight ×5 |
| 27:32 | Create | Knight ×5 |
| 27:32 | Create | Knight |
| 27:45 | Create | Knight ×4 |
| 27:45 | Create | Knight ×4 |
| 27:48 | Create | Knight |
| 27:48 | Create | Knight |
| 27:54 | Build | Stone Wall |
| 27:57 | Build | Stone Wall |
| 28:20 | Create | Knight ×5 |
| 28:20 | Create | Knight ×5 |
| 28:20 | Create | Knight ×5 |
| 28:27 | Research | Plate Barding Armor |
| 28:28 | Research | Blast Furnace |
| 28:32 | Research | Conscription |
| 28:33 | Research | Spies/Treason |
| 28:36 | Research | Citadels |
| 28:38 | Research | Cavalier (upgrade) |
| 28:48 | Build | Stable |
| 28:51 | Create | Knight ×5 |
| 28:51 | Create | Knight ×5 |
| 28:56 | Research | Elite War Elephant (upgrade) |
| 29:26 | Research | Chemistry |
| 29:32 | Create | Knight ×5 |
| 29:33 | Create | Knight ×5 |
| 29:33 | Create | Knight ×5 |
| 29:33 | Create | Knight ×5 |
| 29:33 | Create | Knight ×5 |
| 30:04 | Research | Tech 526 |
| 30:07 | Create | Knight ×5 |
| 30:08 | Create | Knight ×5 |
| 30:08 | Create | Knight ×5 |
| 30:18 | Create | Knight ×5 |
| 30:19 | Create | Knight ×5 |
| 30:19 | Create | Knight ×5 |
| 30:19 | Create | Knight ×5 |
| 30:20 | Create | Knight ×5 |
| 30:21 | Create | Knight ×5 |
| 30:28 | Create | Knight ×5 |
| 30:28 | Create | Knight ×5 |
| 30:28 | Create | Knight ×5 |
| 30:29 | Create | Knight ×5 |
| 30:38 | Create | Knight ×5 |
| 30:39 | Create | Knight ×5 |
| 30:39 | Create | Knight ×2 |
| 30:39 | Create | Knight ×3 |
| 30:41 | Build | Stable |
| 30:46 | Build | Stable |
| 30:58 | Create | Knight ×5 |
| 31:20 | Create | Knight ×5 |
| 31:20 | Create | Knight ×5 |
| 31:21 | Create | Knight ×5 |
| 31:21 | Create | Knight ×5 |
| 31:21 | Create | Knight |
| 31:34 | Create | Knight ×5 |
| 31:34 | Create | Knight ×5 |
| 31:34 | Create | Knight ×3 |
Build order — Talk King
First 150 of 550 actions detected
| 8:59 | Build | Stable |
| 9:05 | Build | Barracks |
| 10:04 | Build | Stable |
| 10:07 | Build | Stable |
| 10:48 | Build | Stable |
| 11:26 | Build | Stable |
| 11:29 | Build | Stable |
| 13:55 | Research | Bloodlines |
| 13:55 | Research | Bloodlines |
| 14:00 | Build | Stable |
| 15:39 | Build | Stable |
| 15:45 | Build | Stable |
| 15:50 | Build | Archery Range |
| 17:08 | Build | Stable |
| 17:13 | Build | Archery Range |
| 18:32 | Build | Barracks |
| 18:36 | Build | Barracks |
| 19:31 | Build | Barracks |
| 19:37 | Build | Stable |
| 19:43 | Build | Stable |
| 20:26 | Research | Chain Mail Armor |
| 20:28 | Research | Chain Barding Armor |
| 20:29 | Research | Bodkin Arrow |
| 20:29 | Research | Bodkin Arrow |
| 20:30 | Research | Leather Archer Armor |
| 20:30 | Research | Leather Archer Armor |
| 20:33 | Research | Husbandry |
| 20:33 | Research | Husbandry |
| 20:34 | Create | Knight ×5 |
| 20:35 | Create | Knight ×5 |
| 20:35 | Create | Knight ×5 |
| 20:35 | Create | Knight ×5 |
| 20:35 | Create | Knight ×5 |
| 20:36 | Create | Knight ×5 |
| 20:36 | Create | Knight ×5 |
| 20:36 | Create | Knight ×5 |
| 20:37 | Create | Knight ×5 |
| 20:37 | Create | Knight ×5 |
| 20:37 | Create | Knight ×5 |
| 20:39 | Create | Knight ×5 |
| 20:39 | Create | Knight ×5 |
| 20:39 | Create | Knight ×5 |
| 20:41 | Research | Szlachta Privileges |
| 20:42 | Research | Szlachta Privileges |
| 20:50 | Research | Arson |
| 20:50 | Research | Arson |
| 20:51 | Research | Pikeman (upgrade) |
| 20:51 | Research | Pikeman (upgrade) |
| 21:15 | Create | Spearman ×5 |
| 21:16 | Create | Spearman ×5 |
| 21:16 | Create | Spearman ×5 |
| 21:16 | Create | Spearman ×5 |
| 21:17 | Create | Spearman ×5 |
| 21:17 | Create | Spearman ×5 |
| 21:17 | Create | Spearman ×5 |
| 21:18 | Create | Spearman ×5 |
| 21:18 | Create | Spearman ×5 |
| 21:18 | Create | Spearman ×5 |
| 21:19 | Create | Spearman ×5 |
| 21:22 | Create | Knight ×5 |
| 21:23 | Create | Knight ×5 |
| 21:23 | Create | Knight ×5 |
| 21:23 | Create | Knight ×5 |
| 21:24 | Create | Knight ×5 |
| 21:24 | Create | Knight ×5 |
| 21:25 | Create | Knight ×5 |
| 21:25 | Create | Knight ×5 |
| 21:33 | Research | Thumb Ring |
| 21:33 | Research | Thumb Ring |
| 21:34 | Create | Cavalry Archer ×5 |
| 21:34 | Create | Cavalry Archer ×5 |
| 21:34 | Create | Cavalry Archer ×5 |
| 21:35 | Create | Cavalry Archer ×5 |
| 21:35 | Create | Cavalry Archer ×5 |
| 21:35 | Create | Cavalry Archer ×5 |
| 21:36 | Create | Cavalry Archer ×4 |
| 21:36 | Create | Cavalry Archer ×4 |
| 21:41 | Research | Treadmill Crane |
| 21:42 | Research | Ballistics |
| 21:52 | Build | Barracks |
| 22:03 | Build | Stable |
| 22:23 | Create | Knight ×5 |
| 22:24 | Create | Knight ×5 |
| 22:24 | Create | Knight ×5 |
| 22:24 | Create | Knight ×5 |
| 22:24 | Create | Knight ×5 |
| 22:25 | Create | Knight ×5 |
| 22:25 | Create | Knight ×5 |
| 22:25 | Create | Knight ×5 |
| 22:26 | Create | Knight ×5 |
| 22:26 | Create | Knight ×5 |
| 22:26 | Create | Knight ×5 |
| 22:27 | Create | Knight ×5 |
| 22:27 | Create | Knight ×5 |
| 22:27 | Create | Knight ×5 |
| 22:28 | Create | Knight ×5 |
| 22:30 | Build | Stable |
| 22:32 | Build | Stable |
| 22:36 | Build | Stable |
| 23:16 | Create | Knight ×5 |
| 23:16 | Create | Knight ×5 |
| 23:17 | Create | Knight ×5 |
| 23:17 | Create | Knight ×5 |
| 23:17 | Create | Knight ×5 |
| 23:18 | Create | Knight ×5 |
| 23:18 | Create | Knight ×5 |
| 23:18 | Create | Knight ×5 |
| 23:38 | Create | Spearman ×5 |
| 23:38 | Create | Spearman ×5 |
| 23:38 | Create | Spearman ×5 |
| 23:39 | Create | Spearman ×5 |
| 23:39 | Create | Spearman ×5 |
| 23:39 | Create | Spearman ×5 |
| 23:40 | Create | Spearman ×5 |
| 23:40 | Create | Spearman ×5 |
| 23:40 | Create | Spearman ×5 |
| 23:40 | Create | Spearman ×4 |
| 23:47 | Build | Stable |
| 24:08 | Create | Knight ×5 |
| 24:09 | Create | Knight ×5 |
| 24:09 | Create | Knight ×5 |
| 24:09 | Create | Knight ×5 |
| 24:09 | Create | Knight ×5 |
| 24:10 | Create | Knight ×5 |
| 24:10 | Create | Knight ×5 |
| 24:10 | Create | Knight ×5 |
| 24:11 | Create | Knight ×5 |
| 24:11 | Create | Knight ×5 |
| 24:11 | Create | Knight ×5 |
| 24:12 | Create | Knight ×5 |
| 24:12 | Create | Knight ×5 |
| 24:13 | Create | Knight ×5 |
| 24:31 | Build | Stable |
| 24:36 | Create | Knight ×5 |
| 24:37 | Create | Knight ×5 |
| 24:37 | Create | Knight ×5 |
| 24:37 | Create | Knight ×5 |
| 24:38 | Create | Knight ×5 |
| 24:38 | Create | Knight ×5 |
| 24:49 | Create | Cavalry Archer ×5 |
| 24:50 | Create | Cavalry Archer ×5 |
| 24:50 | Create | Cavalry Archer ×5 |
| 24:50 | Create | Cavalry Archer ×5 |
| 24:50 | Create | Cavalry Archer ×5 |
| 25:21 | Create | Knight ×5 |
| 25:22 | Create | Knight ×5 |
| 25:22 | Create | Knight ×5 |
| 25:22 | Create | Knight ×5 |
| 25:23 | Create | Knight ×5 |
| 25:23 | Create | Knight ×5 |
Build order — Sasquash
First 150 of 670 actions detected
| 6:19 | Build | Stone Wall |
| 7:56 | Build | Stable |
| 7:58 | Build | Stable |
| 8:00 | Build | Stable |
| 8:01 | Build | Stable |
| 8:04 | Build | Stable |
| 8:05 | Build | Stable |
| 8:29 | Build | Stable |
| 8:31 | Build | Stable |
| 8:33 | Build | Stable |
| 8:35 | Build | Stable |
| 8:37 | Build | Stable |
| 8:39 | Build | Stable |
| 8:41 | Build | Stable |
| 8:50 | Build | Stable |
| 8:53 | Build | Stable |
| 8:55 | Build | Stable |
| 9:23 | Research | Bloodlines |
| 15:50 | Build | Stable |
| 17:06 | Research | Husbandry |
| 17:08 | Create | Knight ×5 |
| 17:08 | Create | Knight ×5 |
| 17:08 | Create | Knight ×5 |
| 17:08 | Create | Knight ×5 |
| 17:19 | Build | Watch Tower |
| 17:19 | Build | Watch Tower |
| 17:20 | Build | Watch Tower |
| 17:21 | Build | Watch Tower |
| 18:11 | Build | Watch Tower |
| 18:12 | Build | Watch Tower |
| 18:13 | Build | Watch Tower |
| 18:39 | Create | Knight ×5 |
| 18:40 | Create | Knight ×5 |
| 18:40 | Create | Knight ×5 |
| 18:40 | Create | Knight ×5 |
| 18:41 | Create | Knight ×5 |
| 18:41 | Create | Knight ×5 |
| 18:41 | Create | Knight ×5 |
| 18:42 | Create | Knight ×5 |
| 18:42 | Create | Knight ×5 |
| 18:42 | Create | Knight ×5 |
| 19:04 | Create | Knight ×5 |
| 19:04 | Create | Knight ×5 |
| 19:04 | Create | Knight ×5 |
| 19:05 | Create | Knight ×5 |
| 19:05 | Create | Knight ×5 |
| 19:05 | Create | Knight ×5 |
| 19:06 | Create | Knight ×5 |
| 19:06 | Create | Knight ×5 |
| 19:06 | Create | Knight ×5 |
| 19:07 | Create | Knight ×5 |
| 19:07 | Create | Knight ×5 |
| 19:07 | Create | Knight ×5 |
| 19:08 | Create | Knight ×5 |
| 19:08 | Create | Knight ×5 |
| 19:08 | Create | Knight ×5 |
| 19:50 | Build | Stable |
| 19:52 | Build | Stable |
| 19:53 | Build | Stable |
| 19:55 | Build | Stable |
| 19:59 | Build | Stable |
| 20:11 | Create | Knight ×5 |
| 20:11 | Create | Knight ×5 |
| 20:11 | Create | Knight ×5 |
| 20:12 | Create | Knight ×5 |
| 20:12 | Create | Knight ×5 |
| 20:12 | Create | Knight ×5 |
| 20:13 | Create | Knight ×5 |
| 20:13 | Create | Knight ×5 |
| 20:13 | Create | Knight ×5 |
| 20:14 | Create | Knight ×5 |
| 20:14 | Create | Knight ×5 |
| 20:14 | Create | Knight ×5 |
| 20:15 | Create | Knight ×5 |
| 20:15 | Create | Knight ×5 |
| 20:15 | Create | Knight ×5 |
| 20:15 | Create | Knight ×5 |
| 20:16 | Create | Knight ×5 |
| 20:16 | Create | Knight ×5 |
| 20:16 | Create | Knight ×5 |
| 20:17 | Create | Knight ×5 |
| 20:17 | Create | Knight ×5 |
| 20:17 | Create | Knight ×5 |
| 20:18 | Create | Knight ×5 |
| 20:18 | Create | Knight ×5 |
| 20:18 | Create | Knight ×5 |
| 20:33 | Create | Knight ×5 |
| 20:33 | Create | Knight ×5 |
| 20:33 | Create | Knight ×5 |
| 20:34 | Create | Knight ×5 |
| 20:34 | Create | Knight ×5 |
| 20:34 | Create | Knight ×5 |
| 20:35 | Create | Knight ×5 |
| 20:35 | Create | Knight ×5 |
| 20:35 | Create | Knight ×3 |
| 21:02 | Research | Chain Barding Armor |
| 21:02 | Research | Chain Mail Armor |
| 21:03 | Research | Iron Casting |
| 21:04 | Research | Bodkin Arrow |
| 21:05 | Research | Leather Archer Armor |
| 21:08 | Research | Tusk Swords |
| 21:13 | Research | Ballistics |
| 21:13 | Research | Guard Tower (upgrade) |
| 21:23 | Create | Knight ×5 |
| 21:23 | Create | Knight ×5 |
| 21:24 | Create | Knight ×5 |
| 21:24 | Create | Knight ×5 |
| 21:24 | Create | Knight ×5 |
| 21:25 | Create | Knight ×5 |
| 21:25 | Create | Knight ×5 |
| 21:25 | Create | Knight ×5 |
| 21:26 | Create | Knight ×5 |
| 21:26 | Create | Knight ×5 |
| 21:26 | Create | Knight ×2 |
| 21:27 | Create | Knight ×2 |
| 21:58 | Create | Knight ×5 |
| 21:58 | Create | Knight ×5 |
| 21:59 | Create | Knight ×5 |
| 21:59 | Create | Knight ×5 |
| 22:00 | Create | Knight ×5 |
| 22:00 | Create | Knight ×5 |
| 22:00 | Create | Knight ×5 |
| 22:00 | Create | Knight ×5 |
| 22:01 | Create | Knight ×2 |
| 22:25 | Create | Knight ×5 |
| 22:25 | Create | Knight ×5 |
| 22:26 | Create | Knight ×5 |
| 22:26 | Create | Knight ×5 |
| 22:26 | Create | Knight ×5 |
| 22:26 | Create | Knight ×5 |
| 22:36 | Create | Knight |
| 22:36 | Create | Knight ×5 |
| 22:36 | Create | Knight ×5 |
| 22:36 | Create | Knight ×5 |
| 22:37 | Create | Knight ×5 |
| 24:02 | Create | Knight ×5 |
| 24:02 | Create | Knight ×5 |
| 24:03 | Create | Knight ×5 |
| 24:03 | Create | Knight ×5 |
| 24:03 | Create | Knight ×5 |
| 24:04 | Create | Knight ×5 |
| 24:04 | Create | Knight ×5 |
| 24:04 | Create | Knight ×5 |
| 24:05 | Create | Knight ×5 |
| 24:05 | Create | Knight ×5 |
| 24:05 | Create | Knight ×5 |
| 24:06 | Create | Knight ×5 |
| 24:06 | Create | Knight |
| 24:07 | Create | Knight |
| 24:07 | Create | Knight |
Build order — tudense85
First 150 of 510 actions detected
| 2:35 | Research | Bodkin Arrow |
| 2:36 | Research | Leather Archer Armor |
| 2:39 | Research | Ballistics |
| 2:40 | Research | Guard Tower (upgrade) |
| 2:41 | Research | Treadmill Crane |
| 5:15 | Build | Barracks |
| 5:18 | Build | Archery Range |
| 5:20 | Build | Archery Range |
| 6:02 | Research | Pikeman (upgrade) |
| 6:04 | Research | Long Swordsman (upgrade) |
| 6:29 | Research | Crossbowman (upgrade) |
| 6:29 | Research | Thumb Ring |
| 6:31 | Research | Elite Skirmisher (upgrade) |
| 8:05 | Build | Archery Range |
| 8:07 | Build | Archery Range |
| 8:09 | Build | Archery Range |
| 8:10 | Build | Archery Range |
| 8:12 | Build | Archery Range |
| 8:19 | Build | Archery Range |
| 9:53 | Build | Archery Range |
| 10:28 | Build | Stone Wall |
| 11:35 | Build | Stone Wall |
| 12:06 | Build | Gate |
| 16:45 | Create | Spearman ×5 |
| 16:46 | Create | Spearman ×5 |
| 16:46 | Create | Spearman ×5 |
| 16:47 | Create | Spearman ×5 |
| 16:53 | Create | Archer ×5 |
| 16:54 | Create | Archer ×5 |
| 16:54 | Create | Archer ×5 |
| 16:54 | Create | Archer ×5 |
| 16:55 | Create | Archer ×5 |
| 16:55 | Create | Archer ×5 |
| 16:56 | Create | Archer ×5 |
| 16:56 | Create | Archer ×5 |
| 16:56 | Create | Archer ×5 |
| 16:57 | Create | Archer ×5 |
| 16:57 | Create | Archer ×5 |
| 16:58 | Create | Archer ×5 |
| 16:58 | Create | Archer ×5 |
| 16:58 | Create | Archer ×5 |
| 16:59 | Create | Archer ×5 |
| 16:59 | Create | Archer ×5 |
| 17:23 | Build | Barracks |
| 17:25 | Build | Barracks |
| 17:26 | Build | Barracks |
| 17:28 | Build | Barracks |
| 17:32 | Build | Barracks |
| 17:39 | Build | Archery Range |
| 17:41 | Build | Archery Range |
| 17:44 | Build | Archery Range |
| 17:46 | Build | Archery Range |
| 18:00 | Create | Spearman ×3 |
| 18:00 | Create | Spearman ×3 |
| 18:00 | Create | Spearman ×3 |
| 18:07 | Create | Archer ×5 |
| 18:07 | Create | Archer ×5 |
| 18:08 | Create | Archer ×5 |
| 18:08 | Create | Archer ×5 |
| 18:09 | Create | Archer ×5 |
| 18:09 | Create | Archer ×5 |
| 18:09 | Create | Archer ×5 |
| 18:10 | Create | Archer ×5 |
| 18:10 | Create | Archer ×5 |
| 18:11 | Create | Archer ×5 |
| 18:11 | Create | Archer ×5 |
| 18:11 | Create | Archer ×5 |
| 18:12 | Create | Archer |
| 18:43 | Create | Spearman ×5 |
| 18:43 | Create | Spearman ×5 |
| 18:43 | Create | Spearman ×5 |
| 18:44 | Create | Spearman ×5 |
| 18:50 | Create | Spearman ×2 |
| 18:51 | Create | Spearman ×2 |
| 18:56 | Create | Archer ×5 |
| 18:56 | Create | Archer ×5 |
| 18:56 | Create | Archer ×5 |
| 18:57 | Create | Archer ×5 |
| 18:57 | Create | Archer |
| 19:09 | Create | Spearman ×5 |
| 19:09 | Create | Spearman ×5 |
| 19:09 | Create | Spearman ×5 |
| 19:10 | Create | Spearman ×5 |
| 19:41 | Create | Spearman ×5 |
| 19:42 | Create | Spearman ×5 |
| 19:42 | Create | Spearman ×5 |
| 19:42 | Create | Spearman ×5 |
| 19:57 | Create | Spearman ×5 |
| 19:57 | Create | Spearman ×5 |
| 19:57 | Create | Spearman ×3 |
| 20:06 | Create | Archer ×5 |
| 20:06 | Create | Archer ×5 |
| 20:06 | Create | Archer ×5 |
| 20:07 | Create | Archer ×5 |
| 20:07 | Create | Archer ×5 |
| 20:07 | Create | Archer ×4 |
| 20:36 | Create | Spearman ×5 |
| 20:36 | Create | Spearman ×5 |
| 20:36 | Create | Spearman ×5 |
| 20:37 | Create | Spearman ×5 |
| 20:37 | Create | Spearman ×5 |
| 20:37 | Create | Spearman ×3 |
| 20:47 | Create | Archer ×5 |
| 20:47 | Create | Archer ×5 |
| 20:48 | Create | Archer ×3 |
| 21:43 | Create | Spearman ×5 |
| 21:44 | Create | Spearman ×5 |
| 21:44 | Create | Spearman ×5 |
| 21:44 | Create | Spearman ×5 |
| 21:45 | Create | Spearman ×5 |
| 21:45 | Create | Spearman ×5 |
| 21:45 | Create | Spearman ×5 |
| 21:56 | Create | Archer ×5 |
| 21:56 | Create | Archer ×5 |
| 21:56 | Create | Archer ×5 |
| 21:57 | Create | Archer ×5 |
| 21:57 | Create | Archer ×5 |
| 21:57 | Create | Archer ×5 |
| 21:58 | Create | Archer ×5 |
| 21:58 | Create | Archer ×5 |
| 21:59 | Create | Archer ×4 |
| 22:54 | Create | Archer ×5 |
| 22:54 | Create | Archer ×5 |
| 22:55 | Create | Archer ×5 |
| 22:55 | Create | Archer ×5 |
| 22:56 | Create | Archer ×5 |
| 22:56 | Create | Archer ×5 |
| 22:57 | Create | Archer ×5 |
| 22:57 | Create | Archer ×5 |
| 22:57 | Create | Archer ×5 |
| 22:58 | Create | Archer ×5 |
| 22:58 | Create | Archer ×3 |
| 23:07 | Create | Spearman ×5 |
| 23:08 | Create | Spearman ×5 |
| 23:08 | Create | Spearman ×5 |
| 23:08 | Create | Spearman ×5 |
| 23:09 | Create | Spearman ×5 |
| 23:09 | Create | Spearman |
| 23:11 | Create | Spearman |
| 23:11 | Create | Spearman |
| 23:12 | Create | Spearman |
| 23:12 | Create | Spearman ×2 |
| 23:34 | Create | Archer ×5 |
| 23:34 | Create | Archer ×5 |
| 23:34 | Create | Archer ×5 |
| 23:35 | Create | Archer ×5 |
| 23:47 | Create | Spearman ×5 |
| 23:48 | Create | Spearman ×5 |
| 23:48 | Create | Spearman ×3 |
| 23:52 | Create | Spearman |
Match timeline
| 5:15 | tudense85 · first_building Barracks |
| 5:18 | tudense85 · first_building Archery Range |
| 6:05 | MightyBeast · wall_segment Stone Wall x3 |
| 6:16 | MightyBeast · wall_segment Stone Wall x2 |
| 6:19 | Sasquash · wall_segment Stone Wall x15 |
| 7:03 | CKC8 · first_building Archery Range |
| 7:04 | CKC8 · first_building Barracks |
| 7:05 | CKC8 · first_building Stable |
| 7:13 | MightyBeast · wall_segment Stone Wall x5 |
| 7:16 | Quautehmoc · first_building Stable |
| 7:56 | Sasquash · first_building Stable |
| 8:17 | MightyBeast · wall_segment Stone Wall x15 |
| 8:25 | MightyBeast · wall_segment Stone Wall x1 |
| 8:29 | MightyBeast · wall_segment Stone Wall x1 |
| 8:47 | MightyBeast · wall_segment Stone Wall x13 |
| 8:59 | Talk King · first_building Stable |
| 9:05 | Talk King · first_building Barracks |
| 10:28 | tudense85 · wall_segment Stone Wall x24 |
| 10:40 | MightyBeast · wall_segment Stone Wall x4 |
| 11:11 | MightyBeast · first_building Archery Range |
| 11:19 | MightyBeast · first_building Barracks |
| 11:35 | tudense85 · wall_segment Stone Wall x1 |
| 15:50 | Talk King · first_building Archery Range |
| 16:12 | Quautehmoc · wall_segment Stone Wall x14 |
| 19:13 | Scandalf · wall_segment Stone Wall x12 |
| 19:59 | Scandalf · first_building Stable |
| 20:09 | Scandalf · wall_segment Stone Wall x1 |
| 22:21 | Scandalf · wall_segment Stone Wall x1 |
| 23:12 | Scandalf · wall_segment Stone Wall x1 |
| 24:40 | MightyBeast · wall_segment Stone Wall x4 |
| 25:17 | CKC8 · first_building Siege Workshop |
| 25:39 | Talk King · first_building Siege Workshop |
| 26:12 | francisejido · first_building Barracks |
| 27:54 | Scandalf · wall_segment Stone Wall x1 |
| 27:57 | Scandalf · wall_segment Stone Wall x1 |
| 29:13 | francisejido · first_building Stable |
| 32:30 | MightyBeast · wall_segment Stone Wall x1 |
| 34:32 | tudense85 · first_building Stable |
| 39:15 | Scandalf · wall_segment Stone Wall x1 |
| 39:18 | Scandalf · wall_segment Stone Wall x1 |
| 39:20 | Scandalf · wall_segment Stone Wall x1 |
| 46:28 | Sasquash · first_building Siege Workshop |
| 47:47 | CKC8 · resign |
[ AI ANALYSIS · 1 CREDIT ]
What really happened in this match?
Wolo.gg analyzes every decision: build order, eco, micro, common mistakes by bracket. Personalized analysis on WhatsApp or Discord in 30 seconds.
Civ guide
Burmese
Map guide
CBA_=REQUIEM=_V292 (Scenario)
Perfil
Jugador #347287